 Dungeon Crawl Stone Soup version 0.31-a0-1074-g0b22e4e0f1 (webtiles) character file.

Game seed: 11330159736933059868

18580 jasper the Metamorph (level 12, -18/72 (75) HPs)
             Began as a Spriggan Shapeshifter on Nov 29, 2023.
             Was a Believer of Ru.
             Demolished by a pharaoh ant (25 damage)
             ... on level 2 of the Lair of Beasts.
             The game lasted 00:29:08 (13711 turns).

jasper the Metamorph (Spriggan Shapeshifter)       Turns: 13711, Time: 00:29:08

HP:   -18/72 (75)   AC: 21    Str: 15    XL:     12   Next: 29%
MP:   13/13         EV: 17    Int: 12    God:    Ru [**....]
Gold: 503           SH:  0    Dex: 19    Spells: 11/11 levels left

rFire   . .          .
                       - Unarmed
rCold   . . .        (shield currently unavailable)
rNeg    . . .        a - melded +1 animal skin
rPois   .            (helmet currently unavailable)
rElec   .            z - melded +0 cloak
rCorr   .            (gloves unavailable)
SInv    +            (boots unavailable)
Will    ++...        w - amulet of regeneration
Stlth   ++           M - +4 ring of protection
HPRegen 1.12/turn    C - +4 ring of protection
MPRegen 0.13/turn

%: no passive effects
@: snake-form, lightly drained
A: constrict, boosted hp, large, no large weapons, unfitting armour, see
invisible, (speed 3), hated by all, no hexes magic, no ice magic, no summoning
magic
a: Begin Untransformation, Renounce Religion


You were on level 2 of the Lair of Beasts.
You worshipped Ru.
Ru was pleased with you.
You were an enormous anaconda.
You visited 2 branches of the dungeon, and saw 13 of its levels.
You also visited: Sewer and Bailey.

You collected 713 gold pieces.
You spent 210 gold pieces at shops.

Inventory:

Missiles
 h - 137 stones
 o - 17 boomerangs
 q - 4 throwing nets
Armour
 a - a +1 animal skin (melded)
 e - an orb of mayhem
 u - +0 acid dragon scales
 v - a scarf of repulsion
 z - a +0 cloak (melded)
 A - a +0 kite shield
 D - the +2 robe "Ywump" {rN+ Dex+3 Archmagi}
   (You found it on level 8 of the Dungeon)

   Dex+3:     It affects your dexterity (+3).
   rN+:       It protects you from negative energy.
   Archmagi:  It increases the power of your magical spells.
 U - +0 steam dragon scales
Jewellery
 g - a ring of fire
 w - an amulet of regeneration (around neck)
 C - a +4 ring of protection (right hand)
 G - a ring of positive energy
 M - a +4 ring of protection (left hand)
 N - a ring of positive energy
 P - a +5 ring of evasion
 R - a ring of willpower
 S - a ring of magical power
 T - a ring of protection from fire
Talismans
 c - a beast talisman
 d - a flux talisman
 s - a maw talisman
 y - a serpent talisman (active)
Wands
 l - a wand of flame (31)
 B - a wand of mindburst (17)
 E - a wand of quicksilver (4)
Scrolls
 b - 4 scrolls of fog
 F - 2 scrolls of immolation
 H - 6 scrolls of teleportation
 O - a scroll of amnesia
 Q - a scroll of enchant armour
 V - a scroll of poison
Potions
 f - 4 potions of invisibility
 i - a potion of attraction
 j - 7 potions of haste
 k - 3 potions of mutation
 m - 4 potions of resistance
 n - 3 potions of cancellation
 p - a potion of berserk rage
 r - a potion of brilliance
 t - 4 potions of curing
 x - 4 potions of lignification
 I - 4 potions of heal wounds
 J - 2 potions of magic {unknown}
 K - a potion of might
 L - a potion of enlightenment {unknown}


   Skills:
 + Level 7.4 Fighting
 + Level 11.7 Dodging
 + Level 7.8 Unarmed Combat
 * Level 16.5 Shapeshifting


You had 11 spell levels left.
You didn't know any spells.
Your spell library contained the following spells:

 Spells                   Type           Power      Damage    Failure   Level
 Apportation              Tloc           0%         N/A       32%         1
 Necrotise                Necr           0%         1d4       32%         1
 Poisonous Vapours        Pois/Air       0%         N/A       45%         2
 Mephitic Cloud           Conj/Pois/Air  0%         N/A       69%         3
 Stone Arrow              Conj/Erth      0%         3d7       69%         3
 Flame Wave               Conj/Fire      0%         2d4       97%         4
 Passage of Golubria      Tloc           0%         N/A       97%         4
 Sticky Flame             Conj/Fire      0%         2d3       97%         4
 Vhi's Electric Charge    Tloc/Air       0%         N/A       97%         4
 Arcjolt                  Conj/Air       0%         1d10      100%        5
 Plasma Beam              Fire/Air       0%         2x1d10    100%        6
 Lehudib's Crystal Spear  Conj/Erth      0%         10d2      100%        8
 Summon Small Mammal      Summ           Unusable   N/A       N/A         1
 Inner Flame              Hex/Fire       Unusable   N/A       N/A         3
 Animate Armour           Summ/Erth      Unusable   N/A       N/A         4
 Freezing Cloud           Conj/Ice/Air   Unusable   6-21      N/A         5
 Silence                  Hex/Air        Unusable   N/A       N/A         5

Dungeon Overview and Level Annotations

Branches:
Dungeon (11/15)            Temple (0/1) D:4            Lair (2/5) D:11
 Shoals (0/4) Lair:2       Spider (0/4) Lair:2          Orc (0/2) D:9
  Sewer (visited)          Bailey (visited)

Altars:
Ashenzari
Dithmenos
Makhleb
Qazlal
Ru
Sif Muna
Trog
Vehumet
Xom
Zin
The Shining One

Shops:
D:2 !=

Annotations:
D:11 3 runed translucent doors, Honnehixisu's ghost, journeyman GrFi; grandjackal's ghost, journeyman BaIE; grandjackal's ghost, journeyman MeFi
Lair:2 Fannar


Innate Abilities, Weirdness & Mutations

You are an enormous anaconda.
You have a powerful constriction melee attack.
Your maximum health is increased.
Your armour is entirely melded.
You are incapable of wielding weapons or throwing items.
You are very small and have problems with some larger weapons.
You are too small for most types of armour.
You have supernaturally acute eyesight. (SInv)
((You cover ground extremely quickly. (Speed+++)))
You are hated by all.
You cannot study or cast Hexes magic.
You cannot study or cast Ice magic.
You cannot study or cast Summoning magic.


Message History

A bullfrog comes into view.
A bullfrog is nearby!
The bullfrog croaks.
The bullfrog hits you but does no damage.
The bullfrog closely misses you.
You hit the bullfrog. You grab the bullfrog.
The bullfrog is lightly wounded.
You constrict the bullfrog.
The bullfrog hits you but does no damage.
You hit the bullfrog.
The bullfrog is heavily wounded.
You constrict the bullfrog.
The bullfrog hits you but does no damage.
You lash the bullfrog!
The bullfrog is almost dead.
You constrict the bullfrog.
You kill the bullfrog!
You see here a bullfrog corpse.
A pharaoh ant comes into view.
A pharaoh ant is nearby!
The pharaoh ant gives a chilling moan.
You hit the pharaoh ant but do no damage.
Your grab misses the pharaoh ant. The pharaoh ant bites you!!
You feel drained.
You take 22 damage, and have 53/72 hp.
MASSIVE DAMAGE!!
You hit the pharaoh ant but do no damage.
You grab the pharaoh ant. You constrict the pharaoh ant.
The pharaoh ant misses you. The pharaoh ant bites you!!
You take 19 damage, and have 34/72 hp.
MASSIVE DAMAGE!!
You barely miss the pharaoh ant. You constrict the pharaoh ant.
The pharaoh ant bites you!!
* * * LOW HITPOINT WARNING * * *
You take 29 damage, and have 5/72 hp.
MASSIVE DAMAGE!!
You hit the pharaoh ant.
The pharaoh ant is moderately damaged.
You constrict the pharaoh ant.
The pharaoh ant is stunned by your conviction and fails to attack.
You lash the pharaoh ant!
The pharaoh ant is almost destroyed.
You constrict the pharaoh ant. The pharaoh ant bites you!!
You die...

#.............# **,,,,,*,,~*
###.....†.....# *,,,,,,,,,~~
#...........# **,,,,,,,~~,
##..........# ***,,*,,,~*
#..........# **,,,,,,~
##.......#.# ***,,,,,**
#.#....##..###### **,,,,,,~~*
###.##P####.....##*,,***,~,,~
########..SB...#,*,***~,,,*
#####............,,,,,,,,,
#..#........###.#,*,,**,**
##...........#...*,,,*,,,*
##...........#...,,,,*,,,,
##................,,,,,,,,,
##................#,,>,,***,
##......>.........#.,,,,,,*,,
#.........÷.÷.....#.,,,,,,*,,


You could see a pharaoh ant.

Vanquished Creatures
  Erolcha (D:9)
  A two-headed ogre (D:6)
  2 death yaks (Lair:2)
  An orc knight (Bailey)
  4 elephants (Lair:1)
  A gargoyle (D:10)
  3 cane toads (Lair:1)
  A torpor snail (Lair:1)
  3 komodo dragons
  A kobold demonologist (D:9)
  A tarantella (Lair:2)
  4 blink frogs (Lair:1)
  Sigmund (D:3)
  A slime creature (D:7)
  A wyvern (D:11)
  2 wraiths
  12 yaks
  Grum (D:10)
  4 vampire mosquitoes (D:11)
  A steam dragon (Lair:2)
  11 water moccasins
  2 acid dragons
  A sky beast (D:6)
  4 orc warriors
  2 black bears
  10 wolves
  2 ogres
  7 centaurs
  3 phantoms
  13 kobold brigands (D:9)
  12 bullfrogs
  2 scorpions
  7 wights
  4 killer bees (D:8)
  9 howler monkeys
  5 jellies
  A hound (D:4)
  5 orc priests
  Crazy Yiuf (D:3)
  A gnoll bouda (D:5)
  4 iguanas
  3 sleepcaps
  Natasha (twice) (D:2)
  7 orc wizards
  Terence (D:2)
  18 gnolls
  14 adders
  3 river rats (Sewer)
  4 shadow imps
  3 white imps (D:7)
  5 ufetubi (D:7)
  A worm (D:4)
  A dart slug (D:2)
  38 orcs
  11 ball pythons
  6 bats
  10 endoplasms
  8 giant cockroaches
  5 hobgoblins
  3 jackals (D:4)
  35 kobolds
  3 quokkas
  6 frilled lizards
  9 goblins
  20 rats
368 creatures vanquished.

Vanquished Creatures (others)
  A black mamba (Lair:2)
  A blink frog (Lair:1)
  An orc (D:10)
  A goblin (D:2)
4 creatures vanquished.

Grand Total: 372 creatures vanquished

Notes
Turn   | Place    | Note
-------+----------+-------------------------------------------
     0 | D:1      | jasper the Spriggan Shapeshifter began the quest for the
                  | Orb.
     0 | D:1      | Reached XP level 1. HP: 9/9 MP: 2/2
   234 | D:1      | Reached skill level 1 in Fighting
   276 | D:1      | Reached XP level 2. HP: 14/14 MP: 3/3
   688 | D:1      | Found a faded altar of an unknown god.
   738 | D:1      | Prayed at the altar of an unknown god.
   738 | D:1      | Became a worshipper of Ru the Awakened
   770 | D:1      | Gained mutation: You cannot study or cast Ice magic. [Ru
                  | sacrifice]
   770 | D:1      | Gained mutation: You cannot study or cast Hexes magic. [Ru
                  | sacrifice]
   770 | D:1      | Gained mutation: You cannot study or cast Summoning magic.
                  | [Ru sacrifice]
   770 | D:1      | Reached * piety under Ru
  1120 | D:2      | Noticed Terence
  1186 | D:2      | Reached XP level 3. HP: 14/18 MP: 4/4
  1198 | D:2      | Found Notohoiq's One-of-a-Kind Rings.
  1233 | D:3      | Noticed Sigmund
  1248 | D:3      | Killed Sigmund
  1249 | D:3      | Reached skill level 5 in Shapeshifting
  1249 | D:3      | Reached XP level 4. HP: 23/23 MP: 5/5
  1249 | D:3      | Reached XP level 5. HP: 26/26 MP: 6/6
  1309 | D:3      | Found a glowing drain.
  1353 | Sewer    | Entered a sewer
  1380 | Sewer    | Reached skill level 6 in Shapeshifting
  1925 | D:3      | Reached XP level 6. HP: 18/28 MP: 7/7
  2011 | D:3      | Found a stormy altar of Qazlal.
  2394 | D:3      | Found a runed translucent door.
  2395 | D:3      | Noticed Crazy Yiuf
  2838 | D:5      | Entered Level 5 of the Dungeon
  2980 | D:5      | Gained mutation: You are hated by all. [Ru sacrifice]
  2980 | D:5      | Reached ** piety under Ru
  3105 | D:5      | Reached skill level 5 in Dodging
  3105 | D:5      | Reached skill level 7 in Shapeshifting
  3105 | D:5      | Reached XP level 7. HP: 35/35 MP: 8/8
  3372 | D:5      | Found a shimmering blue altar of Sif Muna.
  3610 | D:5      | Found a transporter.
  3998 | D:5      | Found a transporter.
  5006 | D:4      | Reached skill level 8 in Shapeshifting
  5064 | D:4      | Found a staircase to the Ecumenical Temple.
  5124 | D:4      | Reached XP level 8. HP: 35/40 MP: 9/9
  5553 | D:2      | Found Anofupno's Distillery.
  5562 | D:2      | Bought a potion of heal wounds for 70 gold pieces
  5562 | D:2      | Bought a potion of might for 56 gold pieces
  5562 | D:2      | Bought 2 potions of lignification for 84 gold pieces
  5608 | D:2      | Killed Terence
  5615 | D:2      | Noticed Natasha
  5653 | D:2      | Killed Natasha
  5826 | D:2      | Noticed Natasha
  5831 | D:2      | Killed Natasha
  5973 | D:3      | Killed Crazy Yiuf
  6226 | D:6      | Reached skill level 9 in Shapeshifting
  6575 | D:6      | Noticed a two-headed ogre
  6592 | D:6      | Killed a two-headed ogre
  6593 | D:6      | Reached skill level 11 in Shapeshifting
  6593 | D:6      | Reached XP level 9. HP: 45/45 MP: 10/10
  6745 | D:6      | Found a burning altar of Makhleb.
  6960 | D:6      | Found a shimmering altar of Xom.
  6962 | D:6      | Found a broken altar of Ashenzari.
  7476 | D:7      | Identified the +2 trident "Pisuyrgh" {heavy, rElec Will+}
  7483 | D:7      | Reached skill level 12 in Shapeshifting
  7502 | D:7      | Reached skill level 5 in Unarmed Combat
  7860 | D:7      | Found a radiant altar of Vehumet.
  7860 | D:7      | Found a glowing golden altar of the Shining One.
  7860 | D:7      | Found a glowing silver altar of Zin.
  7860 | D:7      | Found a stormy altar of Qazlal.
  7860 | D:7      | Found a bloodstained altar of Trog.
  8303 | D:7      | Found a shadowy altar of Dithmenos.
  8877 | D:8      | Reached XP level 10. HP: 51/51 MP: 11/11
  8944 | D:8      | Reached skill level 13 in Shapeshifting
  8957 | D:8      | Reached skill level 5 in Fighting
  9029 | D:8      | Found a glowing golden altar of the Shining One.
  9032 | D:8      | Identified the +2 robe "Ywump" {rN+ Dex+3 Archmagi}
  9615 | D:9      | Noticed a sun demon
  9827 | D:9      | Found a staircase to the Orcish Mines.
  9832 | D:9      | Reached skill level 14 in Shapeshifting
  9889 | D:9      | Noticed Erolcha
  9893 | D:9      | Killed Erolcha
 10165 | D:10     | Entered Level 10 of the Dungeon
 10168 | D:10     | Noticed Grum
 10187 | D:10     | Killed Grum
 10188 | D:10     | Reached XP level 11. HP: 50/56 MP: 12/12
 10261 | D:10     | Found a flagged portal.
 10270 | Bailey   | Entered a bailey
 10385 | Bailey   | Noticed an orc knight
 10393 | Bailey   | Killed an orc knight
 10744 | D:10     | Reached skill level 10 in Dodging
 11190 | D:10     | Found a sacrificial altar of Ru.
 11690 | D:11     | Reached skill level 15 in Shapeshifting
 11876 | D:11     | Found a runed translucent gate.
 11876 | D:11     | Found a runed translucent gate.
 11876 | D:11     | Noticed Honnehixisu's ghost (journeyman GrFi)
 11877 | D:11     | Found a runed translucent gate.
 11877 | D:11     | Noticed grandjackal's ghost (journeyman MeFi)
 11878 | D:11     | Noticed grandjackal's ghost (journeyman BaIE)
 11952 | D:11     | Found a staircase to the Lair.
 12075 | Lair:1   | Entered Level 1 of the Lair of Beasts
 12658 | Lair:1   | Found a frozen archway.
 12745 | Lair:1   | Reached skill level 16 in Shapeshifting
 12856 | Lair:1   | Reached XP level 12. HP: 63/63 MP: 13/13
 13291 | Lair:2   | Noticed a death yak
 13291 | Lair:2   | Noticed a death yak
 13479 | Lair:2   | Killed a death yak
 13485 | Lair:2   | Killed a death yak
 13585 | Lair:2   | Noticed Fannar
 13711 | Lair:2   | Demolished by a pharaoh ant

Illustrated notes

Levels and vault maps discovered:
D:1:      matt_arrival_refuge, layout_basic, ebering_ecumenical_altar_hall,
          lexackson_kobold_supper
D:2:      layout_rooms, serial_shops, shop, minmay_misc_feat_cross,
          nicolae_shop_unique_rings, uniq_terence, uniq_natasha
D:3:      layout_loops_ring, mainiacjoe_overflow_concentric_impassable,
          portal_sewer_entry_c, uniq_sigmund, uniq_crazy_yiuf_cottage
D:4:      layout_basic, minmay_temple_entry_statues_pillars
D:5:      gammafunk_wand_slinger, layout_layer_cave,
          hellmonk_sif_muna_bookshelves, grunt_ministairs_2,
          chequers_serial_rivers_micro_b, kennysheep_small_spiral,
          hangedman_glass_garden
D:6:      layout_gridville, mainiacjoe_overflow_alcove_3, st_stairs_6
D:7:      cheibrodos_fertilizer, layout_basic, nicolae_overflow_hidden_temple,
          serial_demonic, serial_demonic_e, serial_demonic_e, serial_demonic_a,
          serial_demonic_c, serial_demonic_g, serial_demonic_a, minivault_22
D:8:      layout_basic, mainiacjoe_overflow_boulevard
D:9:      layout_roguey [special_room_kobold], orc_0_dummy, uniq_erolcha
D:10:     layout_rooms, nicolae_ru_the_path_less_chosen, enter_bailey_3,
          serial_aquarium, aquarium_bridge_square [aquarium_subvault_wall,
          aquarium_subvault_window, aquarium_subvault_window,
          aquarium_subvault_bridge], aquarium_bridge_square
          [aquarium_subvault_bridge, aquarium_subvault_bridge,
          aquarium_subvault_window, aquarium_subvault_bridge],
          aquarium_window_2, aquarium_window_corner, aquarium_view_2b,
          aquarium_view_2d, aquarium_pool_1, minivault_26,
          hangedman_decor_slide_cut, uniq_grum
D:11:     layout_irregular_city, lair_entry_dummy, gammafunk_ghost_cemetery
Lair:1:   layout_cave_pods, portal_ice_cave_entry_pillars_2,
          chequers_serial_rivers_small_a
Lair:2:   layout_cave_pods, elwin_shoals_entry_rocks,
          nicolae_spider_entry_lesser_pyramids, beast_lair_carwin_5,
          lemuel_fruit_tree, lemuel_fruit_fields, serial_bayou_shore_b,
          grunt_megastairs_1, uniq_fannar

Skill      XL: |  1  2  3  4  5  6  7  8  9 10 11 |
---------------+----------------------------------+-----
Fighting       | 1 2 3 4 5 7 |  7.4
Dodging        | 3 4 5 6 8 9 11 | 11.7
Unarmed Combat | 3 4 5 6 7 |  7.8
Shapeshifting  | 5 6 7 8 11 12 14 16 | 16.5

Action                     |  1- 3 |  4- 6 |  7- 9 | 10-12 || total
---------------------------+-------+-------+-------+-------++-------
  Melee: Unarmed           |    83 |   218 |   428 |   593 ||  1322
         Punch             |     1 |     8 |       |       ||     9
         Constrict         |       |       |    34 |   114 ||   148
  Throw: Stone             |       |     1 |       |       ||     1
 Invoke: Sacrifice Arcana  |     1 |       |       |       ||     1
         Sacrifice Love    |       |     1 |       |       ||     1
         Reject Sacrifices |       |       |     1 |     1 ||     2
  Evoke: Wand              |       |       |     6 |     2 ||     8
    Use: Scroll            |     2 |     5 |     8 |     5 ||    20
         Potion            |     1 |     1 |     4 |     1 ||     7
   Stab: Sleeping          |     3 |     1 |     1 |     7 ||    12
         Distracted        |       |     1 |     1 |     2 ||     4
 Armour: Animal skin       |    22 |    44 |    77 |       ||   143
         Skin              |    10 |     6 |    87 |   366 ||   469
  Dodge: Dodged            |    60 |   158 |   337 |   462 ||  1017
   Form: Flux              |       |       |     1 |       ||     1
         Anaconda          |       |       |     1 |       ||     1

Table legend: (Time is in decaauts)
 A = Elapsed time spent in this place.
 B = Non-inter-level travel time spent in this place.
 C = Inter-level travel time spent in this place.
 D = Time resting spent in this place.
 E = Time spent auto-exploring this place.
 F = Levels seen in this place.
 G = Mean time per level.
                   A        B        C        D        E       F      G
               +--------+--------+--------+--------+--------+-----+--------+
         Total |  11711 |  11195 |    516 |    551 |   7750 |  15 |  780.7 |
       Dungeon |   9594 |   9132 |    462 |    488 |   6501 |  11 |  872.2 |
          Lair |   1607 |   1553 |     54 |     23 |   1039 |   2 |  803.5 |
         Sewer |    218 |    218 |      0 |     40 |     29 |   1 |  218.0 |
        Bailey |    291 |    291 |      0 |      0 |    180 |   1 |  291.0 |
               +--------+--------+--------+--------+--------+-----+--------+

Top non-repeatable levels by time:
     D:7: 1569 daAuts
     D:5: 1304 daAuts
  Lair:1: 1277 daAuts
     D:6: 901 daAuts
    D:10: 845 daAuts
     D:3: 820 daAuts
     D:9: 777 daAuts
     D:4: 777 daAuts
    D:11: 770 daAuts
     D:1: 744 daAuts
     D:8: 660 daAuts
     D:2: 422 daAuts
  Lair:2: 330 daAuts
  Bailey: 291 daAuts
   Sewer: 218 daAuts
